[Event "*** SCC Grand Prix: Titled Tuesday Blitz"]
[Site "Chess.com"]
[Date "2020.06.02"]
[Round "3"]
[White "ChessBitl"]
[Black "Campelov"]
[Result "1/2-1/2"]
[WhiteElo "2336"]
[BlackElo "2155"]
[TimeControl "180+1"]
[EndTime "10:29:29 PDT"]
[Termination "Game drawn by stalemate"]

1. e4 c5 2. Nf3 e6 3. c4 Nc6 4. Nc3 d6 5. d4 cxd4 6. Nxd4 Nf6 7. Be3 a6 8. f3 Be7 9. Qd2 O-O 10. Be2 Bd7 11.
O-O Qc7 12. Rac1 Rac8 13. Rfd1 Rfd8 14. Nd5 exd5 15. cxd5 Nxd4 16. Rxc7 Nxe2+ 17. Qxe2 Rxc7 18. Bb6 Rdc8 19. Bxc7 Rxc7 20. Qd2 h6 21. Rc1 Bd8 22. Rxc7 Bxc7 23. Qb4 b5 24. a4 Bb6+ 25. Kf1 Bc5 26. Qa5 bxa4 27. Qxa6 g6 28. Ke2 Kg7 29. Kd3 g5 30. g3 h5 31. f4 gxf4 32. gxf4 Ng4 33. Qb7 Nf2+ 34. Ke2 Bg4+ 35. Kf1 Nxe4 36. Kg2 Nf6 37.
Kg3 Bd1 38. Kh4 Bb3 39. Qe7 Bxd5 40. Kg5 Bd4 41. Kh4 Be6 42. f5 Bxf5 43. Kg5 Be6 44. Qb7 Bb3 45. Qb4 Bxb2 46. h4 Be5 47. Kf5 Be6+ 48.
Kg5 Bd7 49. Qxd6 Bxd6 1/2-1/2

[Event "*** SCC Grand Prix: Titled Tuesday Blitz"]
[Site "Chess.com"]
[Date "2020.06.02"]
[Round "3"]
[White "zala02"]
[Black "damayito"]
[Result "1-0"]
[WhiteElo "2239"]
[BlackElo "1654"]
[TimeControl "180+1"]
[EndTime "10:29:29 PDT"]
[Termination "zala02 won on time"]

1. d4 d5 2. c4 c6 3. Nf3 Nf6 4. e3 g6 5. Nc3 Bg7 6. Bd3 O-O 7. O-O Bg4 8. h3 Bd7 9. a3 Re8 10. b4 a6 11. Bb2 dxc4 12. Bxc4 Nd5 13. Nxd5 cxd5 14.
Bxd5 Bc6 15. Bxc6 Nxc6 16. Rc1 Rc8 17. Qb3 Qd6 18. Rfd1 Na7 19. Rxc8 Rxc8 20. Ne5 Nb5 21. Qxf7+ Kh8 22. Nd3 Rf8 23. Qc4 Nc7 24. Qc5 Qd7 25. Rc1 Ne6 26. Qc4 Ng5 27. Qc7 Qf5 28. Nf4 Ne4 29. Qxe7 g5 30. Rc7 Rg8 31. Nd3 g4 32.
hxg4 Qxg4 33. d5 Qg6 34. Bxg7+ Rxg7 35. Qxg7+ Qxg7 36. Rxg7 Kxg7 37. f3 Nd6 38. e4 Kf7 39. Kf2 Nc4 40. a4 Ke7 41. Ke2 Nd6 42. Ke3 Nc4+ 43. Kd4 Kd6 44. Kxc4 h5 45. Kd4 h4 46. e5+ Kd7 47. Nf4 Ke7 48. Ng6+ Kf7 49. Nxh4 1-0

[Event "*** SCC Grand Prix: Titled Tuesday Blitz"]
[Site "Chess.com"]
[Date "2020.06.02"]
[Round "3"]
[White "penguingm1"]
[Black "KaterynaLagno"]
[Result "1-0"]
[WhiteElo "2954"]
[BlackElo "2679"]
[TimeControl "180+1"]
[EndTime "10:29:30 PDT"]
[Termination "penguingm1 won by resignation"]

1. d4 Nf6 2. c4 g6 3. f3 Bg7 4. e4 d6 5. Nc3 O-O 6. Nge2 c5 7. d5 e6 8. Ng3 exd5 9. cxd5 a6 10. a4 h5 11. Bg5 Qb6 12. Qd2 Nh7 13. a5 Qc7 14. Bh6 h4 15. Bxg7 Kxg7 16. Nge2 f5 17.
exf5 Bxf5 18. g4 Bc8 19. Bg2 h3 20. Bxh3 Rxf3 21. Bg2 Rf8 22. h3 Nd7 23. Nf4 Ne5 24. O-O Qe7 25. Ne4 Bd7 26. Rae1 Kg8 27. Qc3 Bb5 28.
Rf2 g5 29. Nxd6 Qxd6 30. Rxe5 gxf4 31. Re6 Rad8 32. Rxd6 Rxd6 33. Qxc5 Rdf6 34. h4 f3 35. Bh3 Rf4 36. Kh2 Nf6 37. d6 Ne4 38. Qd5+ Kh8 39. Qe5+ Kg8 40. Qe6+ Kh7 41. g5 Nxf2 42. Qh6+ Kg8 43. Be6+ R8f7 44. g6 Ng4+ 45. Bxg4 Rxg4 46. gxf7+ Kxf7 47. Qh5+ Rg6 48. Qxf3+ Rf6 49. Qd5+ Kg6 50.
d7 Bc6 51. Qg5+ 1-0

[Event "*** SCC Grand Prix: Titled Tuesday Blitz"]
[Site "Chess.com"]
[Date "2020.06.02"]
[Round "3"]
[White "kingofkolkata"]
[Black "angryhorse9"]
[Result "0-1"]
[WhiteElo "2197"]
[BlackElo "2449"]
[TimeControl "180+1"]
[EndTime "10:29:30 PDT"]
[Termination "angryhorse9 won on time"]

1. d4 Nf6 2. c4 g6 3. Nc3 Bg7 4. e4 d6 5. Nf3 O-O 6. Be2 e5 7. O-O Nc6 8. d5 Ne7 9. Ne1 Nd7 10. Nd3 f5 11. Bd2 Nf6 12. f3 h6 13. a4 g5 14.
a5 g4 15. b4 gxf3 16. Bxf3 fxe4 17. Nxe4 Nf5 18. Nxf6+ Qxf6 19. Be4 Qh4 20. Qe1 Qe7 21. Qe2 Bd7 22. Qh5 Qe8 23. Qxe8 Raxe8 24. Rf2 Nd4 25. Raf1 Rxf2 26. Rxf2 a6 27. Be3 Re7 28. h3 Re8 29. g4 b6 30. axb6 cxb6 31. Ra2 Ra8 32. c5 Bb5 33. cxd6 Rd8 34. Rf2 Rxd6 35. Rd2 Bc4 36.
Nxe5 Bxe5 37. Bxd4 Bf4 38. Rd1 Bxd5 39. Bf5 Bb3 40. Rb1 Ba2 0-1

[Event "*** SCC Grand Prix: Titled Tuesday Blitz"]
[Site "Chess.com"]
[Date "2020.06.02"]
[Round "3"]
[White "ketster"]
[Black "harperchesstt"]
[Result "1-0"]
[WhiteElo "2423"]
[BlackElo "2184"]
[TimeControl "180+1"]
[EndTime "10:29:30 PDT"]
[Termination "ketster won on time"]

1. d4 Nf6 2. c4 e6 3. g3 c5 4.
d5 exd5 5. cxd5 d6 6. Nc3 g6 7.
Bg2 Bg7 8. e4 O-O 9. Nge2 Nbd7 10. O-O a6 11. a4 Re8 12. f4 Nf8 13. Kh1 b6 14. Be3 Rb8 15. Qd3 N6d7 16. Bg1 Qc7 17. b3 f5 18. exf5 gxf5 19. Qxf5 b5 20. axb5 axb5 21. Qh5 Nf6 22. Qf3 Bg4 23. Qd3 b4 24.
h3 bxc3 25. hxg4 Qf7 26. Nxc3 Nxg4 27. Bh3 Qh5 28. Kg2 Rxb3 29. Rac1 Rb2+ 30. Rc2 Rxc2+ 31. Qxc2 Bxc3 32. Qxc3 Re2+ 33. Bf2 Nxf2 34. Rxf2 Rxf2+ 35.
Kxf2 Qxh3 36. Qf6 Qh2+ 37. Kf3 Qh5+ 38. Kf2 Qg6 39. Qe7 h6 40. Ke3 Qf5 41. Qb7 Nd7 42.
Qc8+ 1-0

[Event "*** SCC Grand Prix: Titled Tuesday Blitz"]
[Site "Chess.com"]
[Date "2020.06.02"]
[Round "3"]
[White "Irochka83"]
[Black "annamaja"]
[Result "0-1"]
[WhiteElo "2398"]
[BlackElo "2190"]
[TimeControl "180+1"]
[EndTime "10:29:30 PDT"]
[Termination "annamaja won on time"]

1. d4 Nf6 2. c4 e6 3. Nc3 Bb4 4. Qc2 O-O 5. a3 Bxc3+ 6. Qxc3 b6 7. Bg5 Bb7 8. e3 h6 9. Bh4 d6 10. Ne2 Nbd7 11. Rd1 Ne4 12. Bxd8 Nxc3 13. Nxc3 Rfxd8 14. f3 c5 15. d5 Ne5 16. dxe6 fxe6 17. Nb5 d5 18.
Nc7 Rac8 19. Nxe6 Rd6 20. cxd5 Rxd5 21. Be2 Rxd1+ 22. Kxd1 Bd5 23. Nf4 Bb3+ 24. Kd2 Bc4 25. Kc3 Bxe2 26. Nxe2 Rd8 27. Nc1 g5 28. b3 b5 29. Kc2 a5 30. Rd1 Rxd1 31. Kxd1 c4 32. Kc2 cxb3+ 33. Kxb3 Nc4 34. e4 Ne3 35. Ne2 Nxg2 36.
Nd4 Ne1 37. h3 b4 38. a4 Kf7 39. Kc4 Kf6 40. Nc6 Nxf3 41. Nxa5 Nd2+ 42. Kxb4 Nxe4 43. Nc6 h5 44. a5 g4 45. hxg4 hxg4 46. Nd4 Nd6 47. a6 Nc8 48. Kb5 Ke5 0-1

[Event "*** SCC Grand Prix: Titled Tuesday Blitz"]
[Site "Chess.com"]
[Date "2020.06.02"]
[Round "3"]
[White "youngKID"]
[Black "valeriocarnicelli"]
[Result "1-0"]
[WhiteElo "2787"]
[BlackElo "2599"]
[TimeControl "180+1"]
[EndTime "10:29:31 PDT"]
[Termination "youngKID won on time"]

1. e4 e5 2. Nf3 Nc6 3. Bb5 f5 4. Nc3 fxe4 5. Nxe4 Nf6 6. Qe2 d5 7.
Nxf6+ gxf6 8. d4 Bg7 9. dxe5 O-O 10. Bxc6 bxc6 11. O-O fxe5 12. Nxe5 Qe7 13. Re1 Qxe5 14. Qxe5 Bxe5 15. Rxe5 Bf5 16. c3 Rae8 17. Bf4 Rxe5 18. Bxe5 Re8 19. Bd4 a6 20. Be3 Kf7 21. b4 Ke6 22. f3 Kd7 23. Kf2 h5 24. h3 Rf8 25.
Bc5 Re8 26. g4 hxg4 27. hxg4 Bd3 28. Be3 Ra8 29. a4 a5 30. Bc5 Bc2 31. bxa5 Rxa5 32. Bb4 Rxa4 33. Rxa4 Bxa4 34. Kg3 Ke6 35. f4 Bc2 36.
Kh4 Bd3 37. Kg5 Kf7 38. f5 Be2 39. Kf4 Bd1 40. Bc5 Bc2 41. g5 Bd3 42. g6+ Kg8 43.
Kg5 Bc4 44. f6 1-0

[Event "*** SCC Grand Prix: Titled Tuesday Blitz"]
[Site "Chess.com"]
[Date "2020.06.02"]
[Round "3"]
[White "Smile2005"]
[Black "theblitzchamp"]
[Result "0-1"]
[WhiteElo "2409"]
[BlackElo "2650"]
[TimeControl "180+1"]
[EndTime "10:29:31 PDT"]
[Termination "theblitzchamp won by resignation"]

1. e4 d6 2. d3 Nc6 3. Nf3 e5 4. Be2 g6 5. O-O Bg7 6. Nc3 Nge7 7. Be3 O-O 8. d4 exd4 9. Nxd4 Bd7 10. Qd2 Re8 11. f3 a6 12. Bf2 h6 13. Rfe1 Kh7 14.
Rad1 b5 15. a3 Rb8 16. Bf1 Na5 17. b3 Nac6 18. Nxc6 Nxc6 19. Nd5 Be6 20. c4 Qd7 21.
c5 Rbd8 22. Qc2 Bxd5 23. Rxd5 Ne7 24. Rd2 Qe6 25. Red1 d5 26. exd5 Rxd5 27. Rxd5 Nxd5 28. Qd3 c6 29. Re1 Qd7 30. Rxe8 Qxe8 31. h4 Qe5 32. b4 h5 33. Qe4 Qb2 34. g4 hxg4 35. fxg4 Nf6 36.
Qf3 Kg8 37. h5 Nd5 38. hxg6 fxg6 39. Qe4 Qf6 40. Bd3 Kh7 41. Kg2 Nf4+ 42. Kg1 Nh3+ 43.
Kh2 Nxf2 44. Kg3 Nxe4+ 0-1

[Event "*** SCC Grand Prix: Titled Tuesday Blitz"]
[Site "Chess.com"]
[Date "2020.06.02"]
[Round "3"]
[White "Cecile-Haussernot"]
[Black "davidkalashian"]
[Result "0-1"]
[WhiteElo "2350"]
[BlackElo "2557"]
[TimeControl "180+1"]
[EndTime "10:29:31 PDT"]
[Termination "davidkalashian won on time"]

1. e4 c6 2. d4 g6 3. Nc3 Bg7 4. Be3 d6 5. Qd2 Nd7 6. O-O-O b5 7. f3 a5 8. h4 h5 9. g4 hxg4 10. fxg4 a4 11. h5 b4 12. Nb1 Ngf6 13. Bg2 Nxg4 14.
hxg6 fxg6 15. Rxh8+ Bxh8 16. e5 d5 17. Bh3 Nb6 18.
Qg2 Qd7 19. Ne2 Qf5 20. Rh1 b3 21. Ng3 Qxc2+ 22. Qxc2 bxc2 23. Bxg4 cxb1=Q+ 24. Kxb1 Bxg4 25. Rxh8+ Kd7 26. Rh7 Rf8 27. Bg5 Nc8 28. Bf6 Kd8 29. Bg7 Rf3 30. Rh8+ Kd7 31. e6+ Bxe6 32. Be5 Nd6 33.
Ra8 Nc4 34. Ra7+ Ke8 35. Ra8+ Kf7 36. Bc7 Rf2 37. Rb8 g5 38. Kc1 g4 39. Nh5 Nd6 40. Rh8 Rh2 41. Bd8 g3 42. Bxe7 Kxe7 43. Rh7+ Bf7 0-1

[Event "*** SCC Grand Prix: Titled Tuesday Blitz"]
[Site "Chess.com"]
[Date "2020.06.02"]
[Round "3"]
[White "Ceejay271"]
[Black "Ati1517"]
[Result "1-0"]
[WhiteElo "2401"]
[BlackElo "2226"]
[TimeControl "180+1"]
[EndTime "10:29:31 PDT"]
[Termination "Ceejay271 won by resignation"]

1. d4 d5 2. c4 e6 3. Nf3 Nf6 4. g3 c6 5. Bg2 Bd6 6. Nc3 O-O 7. O-O Nbd7 8. Qd3 Qe7 9. e4 dxe4 10. Nxe4 Nxe4 11.
Qxe4 e5 12. Re1 f5 13. Qc2 e4 14. Bg5 Qf7 15. Nd2 Qh5 16. Be3 Nf6 17. Nf1 Be6 18.
b3 Bf7 19. f3 exf3 20. Bh1 f4 21. Bf2 fxg3 22. Nxg3 Bxg3 23. Bxg3 Rfe8 24. Qf2 Ng4 25. Qxf3 Be6 26. Re2 Rf8 27. Qe4 Bf5 28. Qg2 Rad8 29. d5 Bd3 30. Re7 Qg5 31. Rae1 cxd5 32. cxd5 h6 33.
d6 Kh7 34. Qxb7 Qf6 35. Bg2 Qd4+ 36. Kh1 Rxd6 37. Rxg7+ Kh8 38. Rxg4 Qxg4 39. Bxd6 Qh4 40. Bg3 Qd4 41. Qd5 Qxd5 42. Bxd5 Rd8 43. Bf3 Kh7 44. Rd1 Rd7 45. Rxd3 Rxd3 46. Be4+ Kg7 47. Bxd3 Kf6 48. Bf2 Ke6 49. Kg2 Kd5 50. Bxa7 Ke5 51. Be3 Kd5 52. Kf3 Ke5 53. Bxh6 Kd5 54. Be3 1-0

[Event "*** SCC Grand Prix: Titled Tuesday Blitz"]
[Site "Chess.com"]
[Date "2020.06.02"]
[Round "3"]
[White "ShapkinAnatoliy"]
[Black "Bulldog167"]
[Result "1/2-1/2"]
[WhiteElo "2575"]
[BlackElo "2762"]
[TimeControl "180+1"]
[EndTime "10:29:32 PDT"]
[Termination "Game drawn - insufficient material"]

1. d4 Nf6 2. c4 g6 3. Nc3 d5 4. Nf3 Bg7 5. cxd5 Nxd5 6. e4 Nxc3 7. bxc3 c5 8. Be3 Qa5 9. Qd2 O-O 10. Rc1 cxd4 11. cxd4 Qxd2+ 12. Kxd2 Rd8 13. Rc7 Nc6 14. d5 e6 15. Bc4 Na5 16. Bd3 exd5 17. exd5 Rxd5 18.
Ke2 Bg4 19. Rhc1 Rad8 20. Be4 Rb5 21. R1c2 Nc6 22. Bxc6 bxc6 23. R7xc6 a5 24. h3 Bf5 25. Rd2 Rxd2+ 26. Nxd2 Bf8 27. Ra6 Be6 28. Ra8 Bd5 29.
Rd8 Kg7 30. Bd4+ f6 31. Bxf6+ Kxf6 32. Rxf8+ Ke7 33. Rh8 Bxa2 34. Rxh7+ Bf7 35. Rh4 Kd6 36.
Ra4 Kc6 37. f4 Rc5 38. g4 Kb5 39. Ra1 a4 40. Kd3 Kb4 41. Ne4 Bc4+ 42. Ke3 Rd5 43. Rxa4+ Kxa4 44. Nc3+ Kb4 45. Nxd5+ Bxd5 46. Kd4 Bg2 47.
h4 Bf3 48. f5 gxf5 49. gxf5 Bh5 50. Kd5 Kc3 51. Ke6 Kd4 52. f6 Ke4 53. f7 Bxf7+ 54.
Kxf7 Kf5 55. h5 Kg5 56. h6 Kxh6 1/2-1/2

[Event "*** SCC Grand Prix: Titled Tuesday Blitz"]
[Site "Chess.com"]
[Date "2020.06.02"]
[Round "3"]
[White "MilosJi"]
[Black "Redbandit87"]
[Result "0-1"]
[WhiteElo "2511"]
[BlackElo "2347"]
[TimeControl "180+1"]
[EndTime "10:29:32 PDT"]
[Termination "Redbandit87 won by checkmate"]

1. Nf3 d5 2. c4 e6 3. g3 Nf6 4. Bg2 c6 5. Qc2 Bd6 6. O-O O-O 7. b3 Nbd7 8. Bb2 a5 9. Nc3 b6 10. cxd5 exd5 11. d4 Ba6 12. Rfd1 Re8 13. Rac1 Rc8 14. e3 g6 15. Qb1 Qe7 16. Ne1 Ng4 17. Nd3 f5 18.
Re1 Ndf6 19. h3 Nh6 20. f4 Ne4 21. Nxe4 fxe4 22. Ne5 Bxe5 23. dxe5 Qe6 24. g4 Bd3 25. Qa1 Rf8 26. Bc3 c5 27. Qb2 Ra8 28. Qf2 b5 29. Qg3 Kh8 30. Bf1 b4 31. Bb2 c4 32. Bd4 Bxf1 33. Rxf1 c3 34. Qh4 Kg7 35. Rf2 a4 36. Rcf1 axb3 37. axb3 Nf5 38. gxf5 Rxf5 39. Rg2 Ra3 40.
Rb1 Kh8 41. Qd8+ Kg7 42. Qc7+ Kh6 43. Qb8 Qe7 44. Qb5 Rh5 45. Rh2 c2 46. Rxc2 Rxh3 47. Rg2 Ra2 48. Rxa2 Qh4 49. Kf1 Rh1+ 50. Ke2 Qh2# 0-1

[Event "*** SCC Grand Prix: Titled Tuesday Blitz"]
[Site "Chess.com"]
[Date "2020.06.02"]
[Round "3"]
[White "PauloCesarCosta_sad"]
[Black "r31415"]
[Result "0-1"]
[WhiteElo "2190"]
[BlackElo "2437"]
[TimeControl "180+1"]
[EndTime "10:29:32 PDT"]
[Termination "r31415 won on time"]

1. Nf3 Nf6 2. c4 c5 3. g3 b6 4.
Bg2 Bb7 5. O-O e6 6. Nc3 d6 7. d4 cxd4 8. Qxd4 a6 9. Bg5 Nbd7 10. Rad1 Qc7 11. b3 Be7 12. e4 O-O 13. Rfe1 Rfd8 14.
h3 Rac8 15. Bd2 Qb8 16. Qe3 Ba8 17. Nd4 Bf8 18. a4 Nc5 19. Rb1 d5 20. exd5 exd5 21. Rbc1 dxc4 22. Bxa8 Qxa8 23. bxc4 Rxd4 24. Qxd4 Nb3 25.
Qf4 Nh5 26. Qg5 Rc5 27. Nd5 Nxc1 28. Rxc1 g6 29. Nf6+ Nxf6 30. Qxf6 Rc6 31. Qd4 Bg7 32. Qe4 Qc8 33. Be3 Bf8 34. Kh2 b5 35. axb5 axb5 36.
Bd4 Qe6 37. Qxe6 fxe6 38. cxb5 Rxc1 39. b6 Rb1 40. b7 Rxb7 41. Bf6 Kf7 42. Bg5 Be7 43.
h4 Bxg5 44. hxg5 e5 45. f4 Ke6 46. Kg2 Kf5 47. Kf3 Rb3+ 48. Kf2 exf4 49. gxf4 Kxf4 50. Kf1 Kxg5 51. Ke1 h5 52. Kd1 Rb2 53. Kc1 Rg2 54. Kb1 h4 55. Ka1 h3 0-1

[Event "*** SCC Grand Prix: Titled Tuesday Blitz"]
[Site "Chess.com"]
[Date "2020.06.02"]
[Round "3"]
[White "ZarinaShafigullina"]
[Black "Gromes7"]
[Result "0-1"]
[WhiteElo "2272"]
[BlackElo "2031"]
[TimeControl "180+1"]
[EndTime "10:29:32 PDT"]
[Termination "Gromes7 won by resignation"]

1. d4 Nf6 2. Nf3 e6 3. g3 b6 4. Bg2 Bb7 5. O-O Be7 6. c4 O-O 7. Nc3 d6 8. Qc2 Nbd7 9. e4 e5 10. d5 a5 11. Rb1 Nc5 12. b3 Bc8 13. a3 Bd7 14. Bd2 Qc8 15. Rfe1 h6 16. b4 axb4 17.
axb4 Na4 18. Nxa4 Rxa4 19. Ra1 Qa8 20. Bc3 Qa7 21. Rxa4 Qxa4 22. Qxa4 Bxa4 23. c5 bxc5 24. bxc5 dxc5 25. Nxe5 Bd6 26. Nc4 Bb5 27. Bf1 Bxc4 28. Bxc4 Nd7 29. f4 Nb6 30. Bb5 Ra8 31. Bc6 Ra3 32. Be5 Bxe5 33. fxe5 Kf8 34. d6 cxd6 35. exd6 Rd3 36. e5 Nc4 37. Re4 Nd2 38. Ra4 f6 39.
Ra8+ Kf7 40. d7 Nf3+ 41. Bxf3 Rxd7 42. exf6 Kxf6 43. Rc8 Rd3 44. Kf2 Rc3 45. Be2 Ke5 46.
Rc7 g5 47. Rc6 h5 48. Bxh5 Kd5 49. Be2 Kxc6 50. h4 gxh4 51. gxh4 Kd6 52. h5 Ke6 53. h6 Kf6 54. h7 Kg7 0-1

[Event "*** SCC Grand Prix: Titled Tuesday Blitz"]
[Site "Chess.com"]
[Date "2020.06.02"]
[Round "3"]
[White "rase"]
[Black "goofypenguin96"]
[Result "0-1"]
[WhiteElo "2587"]
[BlackElo "2247"]
[TimeControl "180+1"]
[EndTime "10:29:33 PDT"]
[Termination "goofypenguin96 won on time"]

1. e4 e6 2. d4 d5 3. Bd3 dxe4 4. Bxe4 Nf6 5. Bf3 c5 6. Ne2 Nc6 7. Be3 e5 8. Bxc6+ bxc6 9. dxe5 Qxd1+ 10. Kxd1 Ng4 11.
Nd2 Be6 12. Kc1 Nxe3 13. fxe3 O-O-O 14. Nf4 Be7 15. Nxe6 fxe6 16. Nf3 g5 17. h3 h5 18. Rd1 g4 19. Rxd8+ Bxd8 20. Ne1 Rf8 21. hxg4 hxg4 22.
Kd2 Rf2+ 23. Kd3 Bc7 24. Ke4 c4 25. Rd1 Rf5 26. Kd4 Rxe5 27. e4 Rb5 28. Kxc4 Rxb2 29.
a3 Ba5 30. c3 Kc7 31. Nd3 Rc2 32.
Nb4 Bxb4 33. axb4 Rxg2 34. Kc5 Rh2 35. Rf1 Rh5+ 36. Kd4 Rg5 37. Rf7+ Kb6 38. Rf2 g3 39. Rg2 Kb5 0-1

[Event "*** SCC Grand Prix: Titled Tuesday Blitz"]
[Site "Chess.com"]
[Date "2020.06.02"]
[Round "3"]
[White "goldenpuppy"]
[Black "qqwow"]
[Result "0-1"]
[WhiteElo "2204"]
[BlackElo "2405"]
[TimeControl "180+1"]
[EndTime "10:29:33 PDT"]
[Termination "qqwow won by checkmate"]

1. e4 c5 2. Nf3 Nc6 3. d4 cxd4 4. Nxd4 Nf6 5. Nc3 e5 6. Ndb5 d6 7. Bg5 a6 8. Na3 b5 9. Nd5 Be7 10. Bxf6 Bxf6 11. c4 b4 12. Nc2 a5 13. b3 O-O 14.
g3 Bg5 15. h4 Bh6 16. Bg2 Be6 17. O-O Kh8 18. Qd3 f5 19. exf5 Bxf5 20. Be4 Bxe4 21. Qxe4 Ne7 22. Rad1 Nf5 23. Kg2 g6 24.
Rd3 Ra7 25. Rfd1 Raf7 26. Rf1 Bg7 27. Nde3 Nd4 28. Nxd4 exd4 29. Nd5 Rf5 30. f4 Re8 31. Qf3 Rf7 32. Rf2 Qd7 33. Re2 Ref8 34. Re4 h6 35. Rd1 a4 36. Nxb4 axb3 37. axb3 Qb7 38. Nd5 Qc8 39.
Rde1 Qb8 40. Re6 Kh7 41. Qe4 Rf5 42. Ne7 Qxb3 43. Nxf5 gxf5 44. Qf3 Qxc4 45. Re7 d3 46.
R7e3 d2 47. Rd1 Bd4 48. Rd3 Bc5 49. R1xd2 Re8 50. Qb7+ Kh8 51. Qd5 Qc1 52. Rd1 Re2+ 53. Kf3 Qc2 54. R3d2 Rf2+ 55. Rxf2 Qxf2# 0-1

[Event "*** SCC Grand Prix: Titled Tuesday Blitz"]
[Site "Chess.com"]
[Date "2020.06.02"]
[Round "3"]
[White "PredragNikac"]
[Black "Skatchkov_V"]
[Result "1-0"]
[WhiteElo "2371"]
[BlackElo "2535"]
[TimeControl "180+1"]
[EndTime "10:29:34 PDT"]
[Termination "PredragNikac won by resignation"]

1. d4 Nf6 2. Bg5 e6 3. e4 h6 4.
Bxf6 Qxf6 5. e5 Qd8 6. Bd3 d6 7. Nf3 Nc6 8. O-O Be7 9. Qe2 d5 10. c3 Nb8 11. b4 Nd7 12. Nbd2 O-O 13. a4 b6 14. b5 Bb7 15. Bc2 Re8 16. Kh1 c5 17.
bxc6 Bxc6 18. g4 Rc8 19. Rg1 Bg5 20. Raf1 Bf4 21. h4 Bb7 22. Qd3 Nf8 23. g5 hxg5 24. Nxg5 Ng6 25. Rg4 Ba6 26. Qxa6 Bxd2 27. Nxf7 Kxf7 28.
Bxg6+ Kg8 29. Bxe8 Qxe8 30. Qxa7 Bh6 31. Rfg1 Qf8 32.
Qd7 Rxc3 33. Qxe6+ Kh8 34. R4g3 Rxg3 35. fxg3 Qf2 36.
Qxd5 Be3 37. Qa8+ Kh7 38. Qg2 Qf5 39. Rf1 Qg4 40. Rf4 Bxf4 41. Qe4+ g6 42. Qxf4 Qd1+ 43. Kg2 Qe2+ 44. Kh3 Qd1 45. Qf7+ Kh6 46. Qf8+ Kh7 47. Qf7+ Kh6 48. Qf2 Qh1+ 49. Kg4 Qd1+ 50. Kf4 Qc1+ 51. Qe3 Qf1+ 52. Ke4+ Kh7 53. Kd5 Qf7+ 54. e6 Qb7+ 55. Kd6 Qb8+ 56. Kc6 Qc8+ 57. Kxb6 Qb8+ 58. Kc6 Qc7+ 1-0

[Event "*** SCC Grand Prix: Titled Tuesday Blitz"]
[Site "Chess.com"]
[Date "2020.06.02"]
[Round "3"]
[White "Andreikka"]
[Black "albi1999"]
[Result "1-0"]
[WhiteElo "2929"]
[BlackElo "2658"]
[TimeControl "180+1"]
[EndTime "10:29:35 PDT"]
[Termination "Andreikka won by resignation"]

1. c4 e5 2. Nc3 Bb4 3. Nd5 Bc5 4. e3 Nf6 5. b4 Be7 6. Nxe7 Qxe7 7. Bb2 O-O 8. Qc2 Re8 9. a3 d6 10. Ne2 b6 11. Nc3 Bb7 12. f3 a5 13. Be2 axb4 14. axb4 Rxa1+ 15. Bxa1 Nc6 16. Qb1 d5 17. Nxd5 Nxd5 18. cxd5 Nxb4 19. e4 Ra8 20. Bc3 Na2 21. Ba1 Nb4 22. Kf2 Ba6 23. Bc3 Qc5+ 24. Kg3 Bxe2 25. Bxb4 Qb5 26. Rc1 Bd3 27. Qb2 Qd7 28. Qxe5 Rc8 29. Rc3 Bb5 30. d4 c6 31. dxc6 Bxc6 32.
d5 Bb7 33. Rxc8+ Bxc8 34. Qb8 b5 35. h4 h6 36. Bc3 f5 37. Qe5 fxe4 38. fxe4 Kh7 39.
Kh2 Qg4 40. Be1 Bd7 41. Kg1 b4 42. Bxb4 Qxh4 43. Qd4 Qg4 44. Bc3 Bf5 45. exf5 Qg5 46. d6 Qc1+ 47. Kh2 1-0

[Event "*** SCC Grand Prix: Titled Tuesday Blitz"]
[Site "Chess.com"]
[Date "2020.06.02"]
[Round "3"]
[White "Torrentec"]
[Black "jlandaw"]
[Result "0-1"]
[WhiteElo "2313"]
[BlackElo "2524"]
[TimeControl "180+1"]
[EndTime "10:29:35 PDT"]
[Termination "jlandaw won by resignation"]

1. e4 e5 2. Nf3 Nc6 3. Bc4 Bc5 4. d3 Nf6 5. Be3 Bb6 6. Nc3 d6 7.
O-O Bg4 8. h3 Bh5 9. Bb5 O-O 10.
Bg5 h6 11. Bxf6 Qxf6 12. g4 Bg6 13. Nd5 Qd8 14. Ne3 Nd4 15. Nxd4 Bxd4 16. Bc4 c6 17. Bb3 Bxb2 18. Rb1 Bd4 19. Kg2 Qg5 20. Nf5 Bxf5 21. exf5 d5 22. Qf3 Rfe8 23. Rbe1 Re7 24. c4 dxc4 25. Bxc4 a5 26. a4 Rae8 27. Re4 Rd8 28. Rb1 Qd2 29. Qe2 Qxe2 30. Rxe2 Bc3 31. Rc1 Bb4 32. Re4 Rd4 33. Kf3 Kf8 34. h4 f6 35.
Rg1 Bd2 36. Rd1 Bb4 37. Rg1 Rxe4 38. dxe4 Rd7 39. g5 hxg5 40. hxg5 Rd4 41. Be6 fxg5 42. Rxg5 Bd2 43. Rh5 Rxa4 44. Rh8+ Ke7 45. Rg8 Bh6 46.
Rc8 Kd6 47. Rh8 Bg5 48. Kg4 Bf6 49. f3 Ra1 50. Rb8 Rg1+ 51. Kh3 Kc7 52. Rc8+ Kb6 53. Re8 Kb5 54. Bc8 b6 55. f4 exf4 56. e5 f3 57. exf6 gxf6 58. Bb7 f2 59. Bxc6+ Kxc6 60. Re6+ Kb5 61. Rxf6 f1=Q+ 0-1

[Event "*** SCC Grand Prix: Titled Tuesday Blitz"]
[Site "Chess.com"]
[Date "2020.06.02"]
[Round "3"]
[White "chesslh19"]
[Black "AsaHoffmann"]
[Result "1-0"]
[WhiteElo "2189"]
[BlackElo "2452"]
[TimeControl "180+1"]
[EndTime "10:29:35 PDT"]
[Termination "chesslh19 won on time"]

1. e4 d6 2. d4 Nf6 3. Nc3 c6 4. Nf3 Bg4 5. Be2 e6 6. a4 d5 7.
e5 Nfd7 8. O-O c5 9. Nb5 Nc6 10. c3 h6 11. Be3 c4 12. b4 Qb8 13.
h3 Bf5 14. Nh4 Bh7 15. f4 a6 16. Na3 Be7 17. Nf3 O-O 18. Kh2 f6 19. Bf2 fxe5 20.
fxe5 Qc7 21. Bg3 Be4 22. Nb1 Nxb4 23. cxb4 Bxb4 24. Nbd2 Bh7 25. Rc1 c3 26. Nb3 c2 27.
Rxc2 Qxc2 28. Qxc2 Bxc2 29. Nc5 Nxc5 30. dxc5 Rac8 31.
Rc1 Rxc5 32. Nd4 Bf5 33. Rb1 a5 34. Nxf5 Rxf5 35. Bg4 g6 36. Bxf5 gxf5 37. Bf4 Kh7 38. Be3 Rc3 39. Bd2 Rc4 40. Be3 d4 41. Bf4 d3 42.
Be3 d2 43. Rd1 Rc2 44. Kg3 Kg6 45. Kf3 Kf7 46. Ke2 Ra2 47. Bxh6 Rxa4 48. Be3 Ra2 49. g4 fxg4 50. hxg4 Kg6 51. Rh1 1-0

[Event "*** SCC Grand Prix: Titled Tuesday Blitz"]
[Site "Chess.com"]
[Date "2020.06.02"]
[Round "3"]
[White "ashookk"]
[Black "Boninknights"]
[Result "1/2-1/2"]
[WhiteElo "2208"]
[BlackElo "2388"]
[TimeControl "180+1"]
[EndTime "10:29:35 PDT"]
[Termination "Game drawn - insufficient material"]

1. Nf3 Nf6 2. c4 g6 3. Nc3 Bg7 4. d4 O-O 5. e4 d6 6. Be2 e5 7. O-O exd4 8. Nxd4 Re8 9. f3 Nc6 10. Be3 Nh5 11. g4 Nf4 12. Nxc6 Nxe2+ 13. Qxe2 bxc6 14. Qd2 c5 15. Bg5 f6 16. Bh4 Be6 17. b3 Qd7 18. Rad1 Qf7 19. h3 f5 20. exf5 gxf5 21. Rde1 a5 22.
Re2 Bd4+ 23. Kg2 Rf8 24. Ree1 Rae8 25. Ne2 Bg7 26. Nf4 Bd7 27. Nd5 Rxe1 28. Qxe1 Re8 29. Qd2 Bc6 30. Re1 Rxe1 31. Bxe1 Bxd5 32. Qxd5 fxg4 33.
Qxf7+ Kxf7 34. fxg4 a4 35. bxa4 Ke8 36. Kf3 c6 37.
Ke4 Kd7 38. Kf5 d5 39. Bf2 dxc4 40. Bxc5 c3 41. Ba3 Bd4 42. Ke4 c5 43. Kd3 Kc6 44. h4 Kb6 45. h5 Ka5 46. g5 Kxa4 47. Bxc5 Bxc5 48. Kxc3 Be3 49. g6 hxg6 50. hxg6 Bh6 51. Kc4 Bg7 52. Kd5 Ka3 53. Ke6 Kxa2 54. Kf7 Be5 55.
g7 Bxg7 1/2-1/2

[Event "*** SCC Grand Prix: Titled Tuesday Blitz"]
[Site "Chess.com"]
[Date "2020.06.02"]
[Round "3"]
[White "IMDT02"]
[Black "cukin84"]
[Result "1-0"]
[WhiteElo "2490"]
[BlackElo "2204"]
[TimeControl "180+1"]
[EndTime "10:29:35 PDT"]
[Termination "IMDT02 won by checkmate"]

1. d4 f5 2. Bf4 Nf6 3. Nf3 d6 4.
Nc3 g6 5. e3 Bg7 6. Bd3 O-O 7.
Qe2 Nc6 8. a3 Qe8 9. d5 Nd8 10.
O-O-O e5 11. dxe6 Nxe6 12. Bc4 Kh8 13. Bg3 a6 14. Rhe1 b5 15. Ba2 Nc5 16. Nd5 Nxd5 17. Bxd5 Rb8 18. Nd4 b4 19. axb4 Rxb4 20. c3 Rb6 21. h4 Qa4 22. Qc2 Qa1+ 23. Qb1 Qa4 24. Qc2 Bd7 25. Qxa4 Bxa4 26. Nc2 Rfb8 27. b4 Nb3+ 28.
Kb2 Nc5 29. Ra1 Bxc2 30. Kxc2 Ne4 31. Bxe4 fxe4 32. Ra5 Rc6 33. Ra3 Rxb4 34. Rea1 Rbc4 35.
Rxa6 Rxc3+ 36. Kd1 Rd3+ 37. Ke2 Bxa1 38. Rxc6 Ra3 39. Rxc7 Be5 40. Bxe5+ dxe5 41. Re7 Ra2+ 42. Kf1 Ra1+ 43. Ke2 Ra2+ 44. Ke1 Ra5 45. Rc7 Kg8 46. Rc4 Kf7 47. Rxe4 Kf6 48. Rc4 Ra2 49. Kf1 Kf5 50.
g3 h5 51. e4+ Kg4 52. Kg2 Rb2 53. Rc6 g5 54. Rg6 Rxf2+ 55. Kxf2 Kh3 56. Rxg5 Kh2 57.
Rxh5 Kh3 58. Rg5 Kh2 59. h5 Kh3 60. h6 Kh2 61. h7 Kh3 62. h8=Q# 1-0